 Dungeon Crawl Stone Soup version 0.20-a0-971-g5896763 (webtiles) character file.

779 HankScorpio the Chiller (level 7, 0/72 HPs)
             Began as an Ogre Ice Elementalist on Apr 9, 2017.
             Succumbed to a killer bee's poison
             ... on level 6 of the Dungeon.
             The game lasted 00:09:36 (5451 turns).

HankScorpio the Chiller (Ogre Ice Elementalist)     Turns: 5451, Time: 00:09:36

Health: 0/72       AC:  8    Str: 18    XL:     7   Next: 85%
Magic:  5/14       EV: 15    Int: 18    God:
Gold:   290        SH:  0    Dex: 14    Spells: 13/16 levels left

rFire    . . .     SeeInvis .   e - -1 dagger (curse)
rCold    . . .     Gourm    .   (no shield)
rNeg     . . .     Faith    .   f - -1 robe (curse)
rPois    .         Spirit   .   (helmet restricted)
rElec    .         Reflect  .   (no cloak)
rCorr    .         Harm     .   (gloves unavailable)
MR       .....                  (boots unavailable)
Stlth    +++.......             B - amulet of inaccuracy (curse)
Regen    0.3/turn               v - +6 ring of protection
MPRegen  0.2/turn               (no ring)

@: mighty, agile, lethally poisoned (0 -> -1), flying
A: unfitting armour, tough skin 1
a: no special abilities


You were on level 6 of the Dungeon.
You were not hungry.

You visited 1 branch of the dungeon, and saw 6 of its levels.

You collected 290 gold pieces.

Inventory:

Hand Weapons
 e - a cursed -1 dagger (weapon)
 i - a +0 spear
 n - a +0 hunting sling
 p - a +1 dagger of speed
Missiles
 o - 137 stones (quivered)
 w - 38 sling bullets
 x - 5 steel tomahawks
Armour
 a - a +0 robe
 f - a cursed -1 robe (worn)
Jewellery
 v - a +6 ring of protection (left hand)
 B - a cursed amulet of inaccuracy (around neck)
Scrolls
 h - a scroll of enchant armour {unknown}
 j - 3 scrolls of identify {unknown}
 k - 2 scrolls of immolation {unknown}
 m - 4 scrolls of remove curse {unknown}
 r - 2 scrolls of fog {unknown}
 s - a scroll of amnesia {unknown}
 t - a scroll of fear {unknown}
 u - a scroll of teleportation {unknown}
 y - a scroll of recharging {unknown}
Potions
 l - a potion of flight
Books
 b - a book of Frost

   Spells                             Type                      Level
   a - Freeze                         Ice                          1
   b - Throw Frost                    Conjuration/Ice              2
   c - Ozocubu's Armour               Charms/Ice                   3
   d - Throw Icicle                   Conjuration/Ice              4
   e - Summon Ice Beast               Ice/Summoning                4
Comestibles
 c - 3 bread rations
 z - a meat ration


   Skills:
 + Level 5.6 Fighting
 - Level 1.7 Dodging
 - Level 1.4 Stealth
 + Level 5.0 Spellcasting
 - Level 0.8 Conjurations
 * Level 6.0 Ice Magic


You had 13 spell levels left.
You knew the following spells:

 Your Spells              Type           Power        Failure   Level  Hunger
a - Freeze                Ice            ####         1%          1    None
b - Throw Frost           Conj/Ice       ###...       6%          2    #......


Dungeon Overview and Level Annotations

Branches:
Dungeon (6/15)
 Temple: D:4-7

Altars:
Ashenzari
Cheibriados
Fedhas
Makhleb
Qazlal
Uskayaw
Xom
Yredelemnul
The Shining One

Annotations:
D:5 Blork the orc


Innate Abilities, Weirdness & Mutations

You are too large for most types of armour.
You have tough skin. (AC +1)


Message History

You feel sick.
* * * LOW HITPOINT WARNING * * *
You feel sick.
* * * LOW HITPOINT WARNING * * *
You feel sick.
* * * LOW HITPOINT WARNING * * *
You feel sick.
* * * LOW HITPOINT WARNING * * *
You feel sick.
* * * LOW HITPOINT WARNING * * *
You feel sick.
* * * LOW HITPOINT WARNING * * *
You feel sick.
* * * LOW HITPOINT WARNING * * *
You feel sick.
* * * LOW HITPOINT WARNING * * *
You feel sick.
* * * LOW HITPOINT WARNING * * *
You feel sick.
You die...

#########
........#
###
#######.#
#.. #.# #.#
#.# #.# #.#
#.# #.# #.#
#.# #†# #.#
#@# #.# #.#
#.########.#
#..........#
############


There were no monsters in sight!

Vanquished Creatures
  A bullfrog (D:6)
  A scorpion (D:5)
  4 killer bees (D:6)
  The ghost of HankScorpio the Chiller, a weakling DrIE (D:3)
  A crimson imp (D:5)
  A hound (D:5)
  An orc priest (D:4)
  An orc wizard (D:4)
  An iguana (D:4)
  4 worker ants
  3 adders
  3 gnolls (D:4)
  A shadow imp (D:5)
  7 worms
  4 dart slugs
  4 leopard geckos
  11 orcs
  2 ball pythons
  3 giant cockroaches
  6 goblins
  10 hobgoblins
  A jackal (D:3)
  10 kobolds
  A quokka (D:3)
  5 bats
  3 frilled lizards
  A leopard gecko skeleton (D:4)
  A leopard gecko zombie (D:5)
  A quokka skeleton (D:5)
  A quokka zombie (D:6)
  12 rats
106 creatures vanquished.

Notes
Turn   | Place    | Note
-------+----------+-------------------------------------------
     0 | D:1      | HankScorpio the Ogre Ice Elementalist began the quest for the Orb.
     0 | D:1      | Reached XP level 1. HP: 16/16 MP: 3/3
    44 | D:1      | Reached skill level 1 in Fighting
   382 | D:1      | Reached XP level 2. HP: 24/27 MP: 2/5
   440 | D:1      | Reached skill level 3 in Ice Magic
   831 | D:1      | Reached XP level 3. HP: 28/35 MP: 4/7
  1316 | D:2      | Found a hide-covered altar of Uskayaw.
  1767 | D:2      | Learned a level 2 spell: Throw Frost
  1911 | D:2      | Found a shimmering altar of Xom.
  2250 | D:3      | Reached XP level 4. HP: 44/44 MP: 1/8
  2380 | D:3      | Found a snail-covered altar of Cheibriados.
  2430 | D:3      | Found a glowing golden altar of the Shining One.
  2539 | D:3      | Noticed HankScorpio's ghost (weakling DrIE)
  2822 | D:3      | Killed HankScorpio's ghost
  2822 | D:3      | Reached XP level 5. HP: 24/53 MP: 1/10
  3223 | D:3      | Found a basalt altar of Yredelemnul.
  3401 | D:4      | Reached skill level 4 in Ice Magic
  3555 | D:4      | Reached XP level 6. HP: 24/62 MP: 3/12
  4312 | D:5      | Entered Level 5 of the Dungeon
  4362 | D:5      | Reached skill level 5 in Ice Magic
  4374 | D:5      | Reached XP level 7. HP: 56/71 MP: 6/13
  4788 | D:5      | Noticed Blork the orc
  5065 | D:6      | Found a shattered altar of Ashenzari.
  5136 | D:6      | Found a burning altar of Makhleb.
  5191 | D:6      | Found a blossoming altar of Fedhas.
  5191 | D:6      | Found a stormy altar of Qazlal.
  5204 | D:6      | Reached skill level 5 in Fighting
  5417 | D:6      | Reached skill level 5 in Spellcasting
  5417 | D:6      | Reached skill level 6 in Ice Magic
  5435 | D:6      | HP: 3/72 [poisoned by a killer bee]
  5441 | D:6      | HP: 1/72 [poisoned by a killer bee]
  5447 | D:6      | HP: 1/72 [poisoned by a killer bee]
  5451 | D:6      | Succumbed to a killer bee's poison

Vault maps used:
D:1:      dpeg_arrival_rhombus, serial_bayou, serial_bayou_pond_a,
          serial_bayou_crossing, serial_bayou_ford_a, serial_bayou_pond_e
D:2:      overflow_temple_1_default, brannock_xom_greatest_gift
D:3:      minmay_wonky_spiral, lemuel_round_altar, nicolae_tso_carved_into_rock,
          first_bread, minivault_27, kennysheep_slug_shrine
D:5:      grunt_temple_overflow_order_and_chaos_1, st_stairs_3,
          uniq_blork_the_orc, uniq_menkaure
D:6:      grunt_temple_overflow_forces_of_nature, ashenzari_altar_1,
          lemuel_coloured_pillars_altar, minmay_temple_entry_poolview,
          uniq_edmund

Skill      XL: |  1  2  3  4  5  6  7 |
---------------+----------------------+-----
Fighting       | 1 2 3 4 5 |  5.6
Ice Magic      | 3 4 5 6 |  6.0
Spellcasting   | 3 4 5 |  5.0
Dodging        | |  1.7
Stealth        | |  1.4
Conjurations   | |  0.8

Action                   |  1- 3 |  4- 6 |  7- 9 || total
-------------------------+-------+-------+-------++-------
Melee: Unarmed           |    10 |       |       ||    10
       Dagger            |    32 |    24 |    36 ||    92
 Cast: Freeze            |    73 |   124 |    73 ||   270
       Throw Frost       |       |     2 |       ||     2
  Use: Potion            |       |       |     6 ||     6
 Stab: Sleeping          |       |     1 |     1 ||     2
       Distracted        |       |     1 |       ||     1
  Eat: Chunk             |     1 |     5 |       ||     6
       Bread ration      |     1 |       |     1 ||     2
Armor: Robe              |    21 |    23 |    37 ||    81
Dodge: Dodged            |    56 |    61 |    66 ||   183
